NYP
VERMONT LAKE MONSTERS @ HUDSON VALLEY RENEGADES
08/23/2048
 
TOP OF THE 1ST
Vermont Lake Monsters batting - Pitching for Hudson Valley Renegades : LHP Julian Roe
Pitching: LHP Julian Roe
Batting: RHB Josh Mauer 0-0: Swinging Strike
0-1: Foul Ball, location: 2F
0-2: Ball
1-2: Ball
2-2: Ball
3-2: Foul Ball, location: 2F
3-2: Strikes out swinging
Batting: RHB Walt Alaniz 0-0: Fly out, F6 (Line Drive, 6, EV 68.1 MPH)
Batting: RHB Zachary Anderson 0-0: Ball
1-0: Ball
2-0: Called Strike
2-1: Ball
3-1: Fly out, F9 (Flyball, 89D, EV 86.2 MPH)
Top of the 1st over - 0 runs, 0 hits, 0 errors, 0 left on base; Vermont 0 - Hudson Valley 0
BOTTOM OF THE 1ST
Hudson Valley Renegades batting - Pitching for Vermont Lake Monsters : RHP Kyle Rasor
Pitching: RHP Kyle Rasor
Batting: LHB Dan Hunt 0-0: Foul Ball, location: 2F
0-1: Called Strike
0-2: Foul Ball, location: 2F
0-2: Foul Ball, location: 2F
0-2: Ball
1-2: Fly out, F8 (Flyball, 89M, EV 94.4 MPH)
Batting: SHB Josif Popovski 0-0: Ground out 6-3 (Groundball, 6, EV 107.5 MPH)
Batting: LHB Jonathan Spino 0-0: Ground out 4-3 (Groundball, 4, EV 89.4 MPH)
Bottom of the 1st over - 0 runs, 0 hits, 0 errors, 0 left on base; Vermont 0 - Hudson Valley 0
TOP OF THE 2ND
Vermont Lake Monsters batting - Pitching for Hudson Valley Renegades : LHP Julian Roe
Batting: LHB Brian Puccio 0-0: Ball
1-0: Ball
2-0: Ball
3-0: Reached on error, E2 (Groundball, 2R, EV 72.5 MPH)
Batting: RHB Chris Prinzing 0-0: Ball
1-0: Swinging Strike
1-1: Swinging Strike
1-2: Ball
2-2: Fly out, F8 (Flyball, 8LD, EV 90.6 MPH)
Batting: RHB Chris Temple 0-0: Called Strike
0-1: Ground out 4-3 (Groundball, 13, EV 87.5 MPH)
Brian Puccio to second
Batting: RHB Jon Coleman 0-0: Foul Ball, location: 2F
0-1: Swinging Strike
0-2: Ball
1-2: Ball
2-2: Foul Ball, location: 2F
2-2: Strikes out swinging
Top of the 2nd over - 0 runs, 0 hits, 1 error, 1 left on base; Vermont 0 - Hudson Valley 0
BOTTOM OF THE 2ND
Hudson Valley Renegades batting - Pitching for Vermont Lake Monsters : RHP Kyle Rasor
Batting: LHB Rocky Crowley 0-0: Ball
1-0: Ground out 5-3 (Groundball, 56, EV 85.6 MPH)
Batting: RHB Jon Gonzales 0-0: Ball
1-0: Ball
2-0: Foul Ball, location: 2F
2-1: Ball
3-1: Base on Balls
Batting: RHB Alex Koral 0-0: DOUBLE (Line Drive, 7LM, EV 108.1 MPH)
Jon Gonzales to third
Batting: RHB Evan Chalarian 0-0: Called Strike
0-1: Swinging Strike
0-2: Foul Ball, location: 2F
0-2: Ball
Passed Ball!
Jon Gonzales scores
Alex Koral to third
1-2: Strikes out swinging
Batting: LHB Alex Genao 0-0: Ball
1-0: Ball
2-0: Ball
3-0: Base on Balls
Batting: RHB Jesus Carrillo 0-0: Called Strike
0-1: Called Strike
0-2: Strikes out swinging
Bottom of the 2nd over - 1 run, 1 hit, 0 errors, 2 left on base; Vermont 0 - Hudson Valley 1
TOP OF THE 3RD
Vermont Lake Monsters batting - Pitching for Hudson Valley Renegades : LHP Julian Roe
Batting: SHB Steve Salafia 0-0: Ball
1-0: Foul Ball, location: 2F
1-1: Ball
2-1: Foul Ball, location: 2F
2-2: Ball
3-2: Strikes out swinging
Batting: SHB Matt Sybrant 0-0: Ball
1-0: Called Strike
1-1: Ball
2-1: Foul Ball, location: 2F
2-2: Ball
3-2: Foul Ball, location: 2F
3-2: Base on Balls
Batting: RHB Josh Mauer 0-0: Called Strike
0-1: Fielders Choice at 2nd, 6-4 (Groundball, 6, EV 81.9 MPH)
Batting: RHB Walt Alaniz 0-0: Called Strike
Josh Mauer is caught stealing 2nd base 2-4
Top of the 3rd over - 0 runs, 0 hits, 0 errors, 0 left on base; Vermont 0 - Hudson Valley 1
BOTTOM OF THE 3RD
Hudson Valley Renegades batting - Pitching for Vermont Lake Monsters : RHP Kyle Rasor
Batting: LHB Dan Hunt 0-0: Foul Ball, location: 2F
0-1: DOUBLE (Line Drive, 89M, EV 100.6 MPH)
Batting: SHB Josif Popovski 0-0: Ball
1-0: Foul Ball, location: 2F
1-1: Swinging Strike
1-2: Ball
2-2: Strikes out looking
Batting: LHB Jonathan Spino 0-0: Called Strike
0-1: Ball
Dan Hunt steals 3rd base
1-1: Foul Ball, location: 2F
1-2: Foul Ball, location: 2F
1-2: Foul Ball, location: 2F
1-2: Ground out 4-3 (Groundball, 34, EV 101.9 MPH)
Dan Hunt scores
Batting: LHB Rocky Crowley 0-0: Called Strike
0-1: Ball
1-1: Foul Ball, location: 2F
1-2: Ball
2-2: Ball
3-2: SINGLE (Line Drive, 89S, EV 101.2 MPH)
Pitching: LHP Steve Lima
Batting: RHB Jon Gonzales 0-0: Ground out 4-3 (Groundball, 34S, EV 84.4 MPH)
Bottom of the 3rd over - 1 run, 2 hits, 0 errors, 1 left on base; Vermont 0 - Hudson Valley 2
TOP OF THE 4TH
Vermont Lake Monsters batting - Pitching for Hudson Valley Renegades : LHP Julian Roe
Batting: RHB Walt Alaniz 0-0: Fly out, F1 (Line Drive, P, EV 68.1 MPH)
Batting: RHB Zachary Anderson 0-0: Ground out U3 (Groundball, 3, EV 93.8 MPH)
Batting: LHB Brian Puccio 0-0: Ball
1-0: SINGLE (Groundball, 4MD, EV 103.1 MPH)
Batting: RHB Chris Prinzing 0-0: Ball
1-0: Ball
2-0: Called Strike
2-1: Foul Ball, location: 2F
2-2: Ball
3-2: Fly out, F9 (Flyball, 9, EV 97.5 MPH)
Top of the 4th over - 0 runs, 1 hit, 0 errors, 1 left on base; Vermont 0 - Hudson Valley 2
BOTTOM OF THE 4TH
Hudson Valley Renegades batting - Pitching for Vermont Lake Monsters : LHP Steve Lima
Batting: RHB Alex Koral 0-0: Swinging Strike
0-1: Ball
1-1: Called Strike
1-2: Ball
2-2: Foul Ball, location: 2F
2-2: SINGLE (Line Drive, 7S, EV 110.6 MPH)
Batting: RHB Evan Chalarian 0-0: SINGLE (Groundball, 56S, EV 70.0 MPH) (infield hit)
Alex Koral to second
Batting: LHB Alex Genao 0-0: Ball
1-0: Ball
2-0: Foul Ball, location: 2F
2-1: Foul Ball, location: 2F
2-2: Foul Ball, location: 2F
2-2: Strikes out swinging
Batting: RHB Jesus Carrillo 0-0: SINGLE (Groundball, 4MD, EV 102.5 MPH)
Alex Koral to third
Evan Chalarian to second
Runner from 3rd tries for Home, SAFE, throw by CF to home
Evan Chalarian to third
Jesus Carrillo to second
Batting: LHB Dan Hunt 0-0: Ball
1-0: Called Strike
1-1: Called Strike
1-2: Foul Ball, location: 2F
1-2: Ball
2-2: Strikes out swinging
Batting: SHB Josif Popovski 0-0: SINGLE (Line Drive, 3D, EV 94.4 MPH)
Evan Chalarian scores
Jesus Carrillo to third
Runner from 3rd tries for Home, throw by RF and OUT! 9-2
Bottom of the 4th over - 2 runs, 4 hits, 0 errors, 1 left on base; Vermont 0 - Hudson Valley 4
TOP OF THE 5TH
Vermont Lake Monsters batting - Pitching for Hudson Valley Renegades : LHP Julian Roe
Batting: RHB Chris Temple 0-0: Swinging Strike
0-1: Ball
1-1: Ground out U3 (Groundball, 34S, EV 90.6 MPH)
Batting: RHB Jon Coleman 0-0: Called Strike
0-1: Ball
1-1: Called Strike
1-2: Ball
2-2: SINGLE (Groundball, 4S, EV 75.6 MPH) (infield hit)
Batting: SHB Steve Salafia 0-0: Ball
1-0: Grounds into double play, 5-4-3 (Groundball, 56S, EV 88.8 MPH)
Top of the 5th over - 0 runs, 1 hit, 0 errors, 0 left on base; Vermont 0 - Hudson Valley 4
BOTTOM OF THE 5TH
Hudson Valley Renegades batting - Pitching for Vermont Lake Monsters : LHP Steve Lima
Batting: LHB Jonathan Spino 0-0: Fly out, F6 (Line Drive, 6M, EV 61.9 MPH)
Batting: LHB Rocky Crowley 0-0: SINGLE (Groundball, 6MD, EV 101.2 MPH)
Batting: RHB Jon Gonzales 0-0: Swinging Strike
0-1: Swinging Strike
Rocky Crowley steals 2nd base
0-2: Strikes out swinging
Batting: RHB Alex Koral 0-0: Ball
1-0: Ball
2-0: Ground out 4-3 (Groundball, 4, EV 100.6 MPH)
Bottom of the 5th over - 0 runs, 1 hit, 0 errors, 1 left on base; Vermont 0 - Hudson Valley 4
TOP OF THE 6TH
Vermont Lake Monsters batting - Pitching for Hudson Valley Renegades : LHP Julian Roe
Batting: SHB Matt Sybrant 0-0: Ball
1-0: Swinging Strike
1-1: Foul Ball, location: 2F
1-2: Foul Ball, location: 2F
1-2: Ball
2-2: Strikes out swinging
Batting: RHB Josh Mauer 0-0: Called Strike
0-1: Ball
1-1: Foul Ball, location: 2F
1-2: Strikes out swinging
Batting: RHB Walt Alaniz 0-0: Foul Ball, location: 2F
0-1: Called Strike
0-2: Strikes out swinging
Top of the 6th over - 0 runs, 0 hits, 0 errors, 0 left on base; Vermont 0 - Hudson Valley 4
BOTTOM OF THE 6TH
Hudson Valley Renegades batting - Pitching for Vermont Lake Monsters : LHP Steve Lima
Batting: RHB Evan Chalarian 0-0: Ball
1-0: SINGLE (Groundball, 4, EV 95.0 MPH)
Batting: LHB Alex Genao 0-0: Swinging Strike
0-1: Called Strike
0-2: Strikes out swinging
Batting: RHB Jesus Carrillo 0-0: Ball
Pickoff Throw to First - Out! 1-3 CS
1-0: Called Strike
1-1: Ball
2-1: Foul Ball, location: 2F
2-2: Ball
3-2: Foul Ball, location: 2F
3-2: Base on Balls
Pitching: RHP Igoryok Wolgaevsky
Batting: LHB Dan Hunt 0-0: Foul Ball, location: 2F
0-1: Ball
1-1: Called Strike
1-2: Ball
2-2: Fielders Choice at 2nd, 5-4 (Groundball, 56, EV 88.8 MPH)
Bottom of the 6th over - 0 runs, 1 hit, 0 errors, 1 left on base; Vermont 0 - Hudson Valley 4
TOP OF THE 7TH
Vermont Lake Monsters batting - Pitching for Hudson Valley Renegades : LHP Julian Roe
Batting: RHB Zachary Anderson 0-0: Called Strike
0-1: Ball
1-1: Ball
2-1: Called Strike
2-2: Strikes out swinging
Pitching: RHP David Hearn
Batting: LHB Brian Puccio 0-0: Called Strike
0-1: Ball
1-1: Foul Ball, location: 2F
1-2: Strikes out looking
Batting: RHB Chris Prinzing 0-0: Ball
1-0: Ball
2-0: Called Strike
2-1: Foul Ball, location: 2F
2-2: Ground out 6-3 (Groundball, 56, EV 97.5 MPH)
Top of the 7th over - 0 runs, 0 hits, 0 errors, 0 left on base; Vermont 0 - Hudson Valley 4
BOTTOM OF THE 7TH
Hudson Valley Renegades batting - Pitching for Vermont Lake Monsters : RHP Igoryok Wolgaevsky
Batting: SHB Josif Popovski 0-0: Called Strike
0-1: Ball
1-1: Ball
2-1: Ball
3-1: Ground out 4-3 (Groundball, 4, EV 86.2 MPH)
Batting: LHB Jonathan Spino 0-0: Called Strike
0-1: Ball
1-1: Foul Ball, location: 2F
1-2: Strikes out swinging
Batting: LHB Rocky Crowley 0-0: Ground out 6-3 (Groundball, 6, EV 83.8 MPH)
Bottom of the 7th over - 0 runs, 0 hits, 0 errors, 0 left on base; Vermont 0 - Hudson Valley 4
TOP OF THE 8TH
Vermont Lake Monsters batting - Pitching for Hudson Valley Renegades : RHP David Hearn
Batting: RHB Chris Temple 0-0: Called Strike
0-1: Ball
1-1: Ball
2-1: Called Strike
2-2: SINGLE (Groundball, 56D, EV 105.6 MPH)
Batting: RHB Jon Coleman 0-0: Ball
1-0: DOUBLE (Line Drive, 89D, EV 101.2 MPH)
Chris Temple to third
Batting: SHB Steve Salafia 0-0: Ball
1-0: Foul Ball, location: 2F
1-1: Ground out U3 (Groundball, 34S, EV 80.6 MPH)
Chris Temple scores
Jon Coleman to third
Batting: SHB Matt Sybrant 0-0: Called Strike
0-1: Foul Ball, location: 2F
0-2: Ball
1-2: Ball
2-2: Foul Ball, location: 2F
2-2: Foul Ball, location: 2F
2-2: Strikes out swinging
Batting: RHB Josh Mauer 0-0: Ball
1-0: Called Strike
1-1: Swinging Strike
1-2: Strikes out swinging
Top of the 8th over - 1 run, 2 hits, 0 errors, 1 left on base; Vermont 1 - Hudson Valley 4
BOTTOM OF THE 8TH
Hudson Valley Renegades batting - Pitching for Vermont Lake Monsters : RHP Igoryok Wolgaevsky
Batting: RHB Jon Gonzales 0-0: Called Strike
0-1: Ball
1-1: Fly out, F3 (Line Drive, 3, EV 71.9 MPH)
Batting: RHB Alex Koral 0-0: Foul Ball, location: 2F
0-1: Swinging Strike
0-2: Ball
1-2: Strikes out swinging
Batting: RHB Evan Chalarian 0-0: Ground out 6-3 (Groundball, 6, EV 98.8 MPH)
Bottom of the 8th over - 0 runs, 0 hits, 0 errors, 0 left on base; Vermont 1 - Hudson Valley 4
TOP OF THE 9TH
Vermont Lake Monsters batting - Pitching for Hudson Valley Renegades : RHP David Hearn
Pitching: LHP Matt Bayer
Now in RF: Chris Lockart
Batting: RHB Walt Alaniz 0-0: Called Strike
0-1: Swinging Strike
0-2: Ball
1-2: Strikes out swinging
Batting: RHB Zachary Anderson 0-0: Called Strike
0-1: SINGLE (Line Drive, 34, EV 95.0 MPH)
Batting: LHB Brian Puccio 0-0: Ball
1-0: Foul Ball, location: 2F
1-1: Called Strike
1-2: Foul Ball, location: 2F
1-2: Foul Ball, location: 2F
1-2: Hit by Pitch
Zachary Anderson to second
Batting: RHB Chris Prinzing 0-0: Ball
1-0: Swinging Strike
1-1: Ball
2-1: Foul Ball, location: 2F
2-2: Strikes out swinging
Batting: RHB Chris Temple 0-0: Fielders Choice at 2nd, 6-4 (Groundball, 6, EV 103.8 MPH)
Top of the 9th over - 0 runs, 1 hit, 0 errors, 2 left on base; Vermont 1 - Hudson Valley 4
Tuesday, March 28th , 2023 - OOTP Baseball 23.10 Build 110